Map: Catalyst LE

Players

Seismic - Winner!

  • Race: Terran Terran
  • League: Gold
  • Spawn Location: 11:00

A.I. 1 (Easy)

  • Race: Zerg Zerg
  • Spawn Location: 5:00

VOD

Have the link to the VOD?

Description

Time

  • Played on: March 1, 2018, 2:26 a.m.
  • Length: 11:30
Show
View Real Time Build Order
Export as new Build Order

Seismic Terran - Winner!

Build Orders: Liberator Opening, Bio Tank 

Get SALT Encoding   

  12  0:01  SCV  
  13  0:13  SCV  
  14  0:19  Supply Depot  
  14  0:25  SCV  
  15  0:30  Refinery  
  15  0:40  SCV  
  16  0:46  Barracks  
  16  0:52  SCV  
  17  1:05  SCV  
  18  1:17  SCV  
  19  1:33  Barracks Reactor  
  19  1:35  Orbital Command  
  19  1:51  Command Center  
  19  2:04  SCV  
  20  2:10  Factory  
  20  2:16  SCV  
  20  2:19  Refinery  
  21  2:27  Supply Depot  
  21  2:28  SCV  
  21  2:29  Marine  
  23  2:48  SCV, Marine  
  25  2:56  Starport  
  25  2:58  Factory Tech Lab  
  25  3:02  SCV  
  26  3:06  Orbital Command  
  26  3:14  SCV  
  26  3:19  Siege Tank  
  30  3:23  Marine x2  
  30  3:26  Liberator  
  32  3:28  SCV  
  33  3:38  SCV  
  37  3:50  Supply Depot, SCV  
  37  3:51  SCV  
  37  3:52  Marine  
  37  3:53  Marine  
  41  3:56  Siege Tank  
  41  4:02  SCV  
  45  4:03  SCV  
  46  4:14  SCV  
  46  4:15  SCV  
  48  4:20  Marine x2  
  50  4:26  SCV  
  50  4:27  SCV  
  52  4:31  Supply Depot  
  52  4:39  SCV, Marine  
  54  4:52  Marine  
  54  4:53  SCV, Siege Tank, Barracks  
  54  4:56  Barracks  
  59  5:00  Refinery  
  59  5:02  Refinery, SCV, Engineering Bay  
  59  5:05  SCV  
  61  5:07  Marine  
  61  5:10  Marine  
  62  5:14  Supply Depot  
  62  5:23  Starport Reactor  
  62  5:30  Terran Infantry Weapons Level 1, Supply Depot  
  62  5:31  Supply Depot  
  62  5:35  Marine x2  
  62  5:36  Siege Tank, SCV  
  62  5:37  SCV  
  69  5:44  Barracks Tech Lab x2  
  69  5:49  SCV  
  70  5:51  SCV  
  70  5:53  Marine x2  
  73  6:00  Medivac  
  73  6:03  SCV  
  76  6:04  SCV  
  76  6:08  Siege Tank  
  80  6:14  Supply Depot  
  80  6:15  Supply Depot, SCV  
  80  6:16  SCV  
  80  6:18  Marine x3  
  84  6:19  Marine  
  86  6:29  Barracks  
  86  6:30  Barracks  
  86  6:36  SCV x2  
  86  6:37  Marine x2  
  86  6:38  Marine x2  
  92  6:40  Siege Tank  
  92  6:41  Medivac x2  
  92  6:46  Supply Depot  
  99  6:48  Supply Depot  
  99  6:49  SCV  
  100  6:55  Combat Shields, Marine  
  100  6:57  Stimpack  
  102  7:07  Supply Depot  
  101  7:08  Marine x2  
  101  7:09  Marine  
  101  7:12  Marine  
  101  7:15  Medivac x2  
  109  7:24  Supply Depot  
  109  7:25  Terran Infantry Armor Level 1  
  109  7:26  Supply Depot, Marine  
  110  7:33  Barracks Reactor x2  
  110  7:34  Marine x2  
  110  7:35  Marine  
  113  7:38  Siege Tank  
  113  7:44  Marine  
  116  7:45  Medivac x2  
  121  7:51  Marine  
  121  7:52  Marine x2  
  124  8:02  Marine  
  125  8:09  Marine x3  
  125  8:10  Marine x3  
  125  8:11  Marine  
  132  8:19  Marine  
  132  8:22  Supply Depot  
  132  8:25  Siege Tank  
  132  8:26  Supply Depot  
  136  8:28  Medivac x2  
  137  8:54  Unknown  
  137  9:14  Unknown  
  137  10:10  Unknown  
  135  10:30  Unknown  
Show
View Real Time Build Order
Export as new Build Order

A.I. 1 (Easy) Zerg 

Build Orders: Pool First 

Get SALT Encoding   

  12  0:01  Drone  
  13  0:12  Overlord  
  13  0:17  Drone  
  14  0:31  Drone  
  14  0:35  Drone  
  16  0:42  Spawning Pool  
  15  0:45  Drone  
  15  0:48  Extractor  
  15  0:51  Drone  
  16  0:58  Overlord  
  16  1:31  Zergling x2, Queen  
  19  1:33  Roach Warren  
  19  1:34  Extractor  
  19  1:36  Drone  
  18  1:42  Zergling x2, Drone  
  20  1:55  Drone  
  21  2:04  Overlord  
  21  2:14  Drone  
  22  2:25  Drone  
  23  2:36  Drone  
  24  2:38  Roach  
  24  2:40  Drone  
  27  2:44  Drone  
  28  3:02  Ravager  
  28  3:03  Roach  
  31  5:04  Overlord, Roach, Drone, Lair  
  34  5:22  Overlord, Roach, Drone  
  34  5:27  Drone  
  38  5:40  Roach  
  33  5:58  Zergling x2  
  34  6:05  Overseer x2  
  34  6:07  Hydralisk Den  
  34  6:08  Drone  
  34  6:16  Roach  
  36  6:36  Hydralisk  
  36  6:39  Hatchery  
  37  6:40  Drone  
  38  6:54  Hydralisk  
  40  7:52  Drone  
  40  7:56  Overseer  
  40  7:57  Drone  
  42  8:02  Drone  
  42  8:04  Extractor  
  42  8:06  Drone, Extractor  
  42  8:10  Drone  
  43  8:15  Drone  
  43  8:19  Drone  
  45  8:20  Overlord  
  45  8:23  Drone  
  46  8:27  Drone  
  46  8:32  Drone  
  48  8:36  Drone  
  48  8:40  Drone  
  50  8:45  Drone  
  51  8:49  Drone  
  51  8:53  Drone  
  51  8:54  Overlord  
  53  8:57  Drone  
  53  9:02  Drone  
  55  9:06  Drone  
  56  9:10  Drone  
  56  9:15  Drone  
  58  9:19  Drone  
  58  9:20  Zergling x2  
  58  9:23  Drone  
  48  9:24  Overseer, Overlord  
  48  9:37  Hydralisk  
  48  9:38  Overseer, Pneumatized Carapace  
  50  9:40  Evolution Chamber  
  50  9:43  Overlord  
  49  9:47  Overseer  
  48  9:56  Overlord  
  46  10:02  Overlord  
  37  10:07  Zergling x2  
  34  10:20  Overlord, Drone  
  25  10:22  Zergling x2  
  25  10:25  Drone  
  26  10:35  Hydralisk  
  26  10:39  Overlord, Drone  
  22  10:50  Drone  
  22  10:52  Spawning Pool  
Tags
 
Composition
Bio Tank
League
Gold
Matchup
TvZ
Spawn Locations
Cross Positions
Add a new tag
Caveats
  • Supply blocks, unpowered buildings, or Contaminate may cause inaccurate times.
  • Supply counts are checked every 10 seconds.